 Dungeon Crawl Stone Soup version 0.32-a0-665-g3d30ec2550 (webtiles) character file.

Game seed: 14577600996877126050

1911 Armakuni the Charlatan (level 9, -2/102 HPs)
             Began as a Human Gladiator on Mar 9, 2024.
             Was a Follower of Vehumet.
             Slain by a water moccasin (9 damage)
             ... on level 7 of the Dungeon.
             The game lasted 00:14:01 (4974 turns).

Armakuni the Charlatan (Human Gladiator)            Turns: 4974, Time: 00:14:02

Health: -2/102     AC: 24    Str: 16    XL:     9   Next: 16%
Magic:  9/9        EV:  2    Int: 12    God:    Vehumet [*.....]
Gold:   321        SH:  0    Dex: 14    Spells: 4/8 levels left

rFire   . . .        b - +2 quarterstaff (chaos)
rCold   . . .        (shield currently unavailable)
rNeg    . . .        f - melded +0 ring mail
rPois   +            c - melded +0 helmet
rElec   .            i - melded +0 cloak
rCorr   .            q - melded +0 pair of gloves
SInv    .            g - melded +1 pair of boots
Will    .....        (no amulet)
Stlth   +            E - +5 ring of evasion
HPRegen 1.17/turn    (no ring)
MPRegen 0.11/turn

%: no passive effects
@: mighty, lethally poisoned (-2 -> -14), tree-form
A: stationary, stasis, torment immunity, boosted hp, explore regen, regeneration
1, noise suppression
a: Renounce Religion


You were on level 7 of the Dungeon.
You worshipped Vehumet.
Vehumet was aware of your devotion.
You were a tree.
You visited 2 branches of the dungeon, and saw 8 of its levels.

You collected 321 gold pieces.

Inventory:

Hand Weapons
 a - a +0 quarterstaff
 b - a +2 quarterstaff of chaos (weapon)
Missiles
 e - a javelin
Armour
 c - a +0 helmet (melded)
 f - a +0 ring mail (melded)
 g - a +1 pair of boots (melded)
 i - a +0 cloak (melded)
 q - a +0 pair of gloves (melded)
Jewellery
 E - a +5 ring of evasion (left branch)
 F - a ring of fire
Wands
 h - a wand of acid (10)
 k - a wand of digging (3)
 m - a wand of mindburst (14)
 v - a wand of flame (15)
Scrolls
 n - 3 scrolls of teleportation
 p - a scroll of revelation
 t - a scroll of fog
 u - a scroll of summoning
 y - a scroll of brand weapon {unknown}
Potions
 j - a potion of haste {unknown}
 l - 2 potions of might
 o - 3 potions of curing {unknown}
 r - 3 potions of brilliance {unknown}
 s - a potion of degeneration {unknown}
 w - 2 potions of invisibility {unknown}
 x - a potion of attraction {unknown}
 z - a potion of lignification
 A - a potion of berserk rage {unknown}
 B - a potion of ambrosia {unknown}


   Skills:
 - Level 5.0 Fighting
 - Level 6.8 Staves
 - Level 2.0 Throwing
 - Level 5.0 Armour
 - Level 3.0 Dodging
 + Level 6.9 Evocations


You had 4 spell levels left.
You knew the following spells:

 Your Spells              Type           Power      Damage    Failure   Level
a - Apportation           Tloc           0%         N/A       32%         1
m - Mephitic Cloud        Conj/Alch/Air  0%         N/A       69%         3

Your spell library contained the following spells:

 Spells                   Type           Power      Damage    Failure   Level
 Kiss of Death            Conj/Necr      0%         2d5       32%         1
 Necrotise                Necr           0%         1d4       32%         1
 Sting                    Conj/Alch      0%         1d3       32%         1
 Summon Small Mammal      Summ           0%         N/A       32%         1
 Call Imp                 Summ           0%         N/A       45%         2
 Cigotuvi's Dreadful Rot  Necr/Alch/Air  0%         N/A       45%         2
 Mercury Vapours          Alch/Air       0%         N/A       45%         2
 Static Discharge         Conj/Air       0%         3-3/arc   45%         2
 Sublimation of Blood     Necr           0%         N/A       45%         2
 Call Canine Familiar     Summ           0%         N/A       69%         3
 Dazzling Flash           Conj/Hex       0%         N/A       69%         3
 Sigil of Binding         Hex            0%         N/A       69%         3
 Stone Arrow              Conj/Erth      0%         3d7       69%         3
 Airstrike                Air            0%         2d(0-16)  97%         4
 Animate Armour           Summ/Erth      0%         N/A       97%         4
 Brom's Barrelling Bould  Conj/Erth      0%         2d3       97%         4
 Dimensional Bullseye     Hex/Tloc       0%         N/A       97%         4
 Ignite Poison            Fire/Alch      0%         N/A       97%         4
 Summon Lightning Spire   Summ/Air       0%         N/A       97%         4
 Curse of Agony           Necr           0%         N/A       100%        5
 Fireball                 Conj/Fire      0%         3d3       100%        5
 Freezing Cloud           Conj/Ice/Air   0%         6-21      100%        5
 Iskenderun's Battlesphe  Conj           0%         2d6       100%        5
 Silence                  Hex/Air        0%         N/A       100%        5
 Conjure Ball Lightning   Conj/Air       0%         3x3d6     100%        6
 Orb of Destruction       Conj           0%         9d5       100%        7
 Summon Hydra             Summ           0%         N/A       100%        7
 Lehudib's Crystal Spear  Conj/Erth      0%         10d2      100%        8


Dungeon Overview and Level Annotations

Branches:
Dungeon (7/15)             Temple (1/1) D:4

Altars:
Ashenzari
Cheibriados
Dithmenos
Elyvilon
Fedhas
Gozag
Hepliaklqana
Kikubaaqudgha
Makhleb
Okawaru
Qazlal
Ru
Sif Muna
Trog
Uskayaw
Vehumet
Wu Jian
Xom
Yredelemnul
Zin
The Shining One

Shops:
D:6 =   D:7 =([

Annotations:
D:4 2 transporters, Konar's ghost, amateur CoHu


Innate Abilities, Weirdness & Mutations

You are a tree.
Your roots penetrate the ground, keeping you stationary.
You cannot be teleported.
You are immune to unholy pain and torment.
Your maximum health is greatly increased.
Your equipment is partially melded.
You regain HP and MP as you explore.
Your natural rate of healing is unusually fast.
You passively dampen the noise of your surroundings.


Message History

The water moccasin bites you but does no damage.
The water moccasin bites you.
You are more poisoned.
The water moccasin poisons you!
You hit the water moccasin. You burn the water moccasin.
The water moccasin is almost dead.
You feel extremely sick.
The water moccasin bites you but does no damage.
The water moccasin bites you!
Throw: throwing net
Press: ? - help, Q - select action, (/) - cycle Shift-Dir - straight line, f/p - water moccasin
Aim: a water moccasin (severely wounded, fast, strong, frenzied and wild, 40% to hit)
You throw a throwing net.
The throwing net hits the water moccasin.
The water moccasin is caught in the net!
The water moccasin is severely wounded.
You feel very sick.
The water moccasin struggles against the net. x2
The net rips apart, and the water moccasin comes free!
You feel very mighty all of a sudden.
You feel very sick. The water moccasin bites you.
* * * LOW HITPOINT WARNING * * *
The water moccasin closely misses you.
You feel very sick. The water moccasin bites you.
* * * LOW HITPOINT WARNING * * *
You are lethally poisoned!
The water moccasin poisons you! The water moccasin barely misses you.
Okay, then.
Okay, then.
You turn into a tree.
Your +0 cloak melds into your body.
Your +0 helmet melds into your body.
Your +0 pair of gloves melds into your body.
Your +1 pair of boots melds into your body.
Your +0 ring mail melds into your body.
Your roots penetrate the ground.
* * * LOW HITPOINT WARNING * * *
You feel very sick. The water moccasin bites you!
You die...

..#..? #.#... #
..... .# #.>.
.# ... ..#
#.###.###..#
#.....S....####
#.♣.......
#.######## #.#
#.# #.# ###'###
#.....# #.....#
#.....#


You could see a neutral water moccasin (fast, strong, frenzied).

Vanquished Creatures
  An unseen horror (D:6)
  Grinder (D:5)
  Prince Ribbit (D:6)
  Sigmund (D:6)
  An ice beast (D:5)
  A sky beast (D:6)
  An ogre (D:5)
  A centaur (D:6)
  A kobold brigand (D:7)
  A howler monkey (D:6)
  A bombardier beetle (D:6)
  2 hounds (D:5)
  A jelly (D:3)
  Crazy Yiuf (D:2)
  Jessica (D:2)
  4 iguanas (D:6)
  A sleepcap (D:4)
  An orc wizard (D:6)
  8 gnolls
  10 adders
  3 white imps (D:6)
  4 ufetubi (D:6)
  6 ribbon worms
  2 dart slugs
  12 orcs
  7 endoplasms
  4 giant cockroaches
  4 goblins
  8 hobgoblins
  2 jackals (D:5)
  4 kobolds
  A quokka (D:2)
  5 ball pythons
  4 bats
  4 frilled lizards
  7 rats
117 creatures vanquished.

Notes
Turn   | Place    | Note
-------+----------+-------------------------------------------
     0 | D:1      | Armakuni the Human Gladiator began the quest for the Orb.
     0 | D:1      | Reached XP level 1. HP: 16/16 MP: 1/1
   282 | D:1      | Reached XP level 2. HP: 16/22 MP: 2/2
   524 | D:2      | Gained mutation: You are weak. (Str -2) [potion of
                  | mutation]
   524 | D:2      | Gained mutation: You have a pair of small antennae on your
                  | head. [potion of mutation]
   535 | D:2      | Lost mutation: You have a pair of small antennae on your
                  | head. [potion of mutation]
   535 | D:2      | Lost mutation: You are weak. (Str -2) [potion of mutation]
   535 | D:2      | Gained mutation: Your natural rate of healing is unusually
                  | fast. [potion of mutation]
   535 | D:2      | Gained mutation: You passively dampen the noise of your
                  | surroundings. [potion of mutation]
   539 | D:2      | Reached XP level 3. HP: 27/27 MP: 3/3
   743 | D:2      | Reached XP level 4. HP: 33/33 MP: 4/4
   795 | D:2      | Reached skill level 5 in Staves
  1025 | D:2      | Noticed Jessica
  1030 | D:2      | Killed Jessica
  1103 | D:2      | Found a runed translucent door.
  1104 | D:2      | Noticed Crazy Yiuf
  1113 | D:2      | Killed Crazy Yiuf
  1114 | D:2      | Reached XP level 5. HP: 38/38 MP: 5/5
  1406 | D:3      | Found a faded altar of an unknown god.
  1762 | D:3      | Found a sacrificial altar of Ru.
  1762 | D:3      | Found a bloodstained altar of Trog.
  1775 | D:3      | Found a stormy altar of Qazlal.
  1777 | D:3      | Found a radiant altar of Vehumet.
  1793 | D:3      | Became a worshipper of Vehumet
  2223 | D:4      | Found a transporter.
  2274 | D:4      | Found a staircase to the Ecumenical Temple.
  2291 | Temple   | Entered the Ecumenical Temple
  2524 | D:4      | Reached XP level 6. HP: 44/44 MP: 6/6
  2599 | D:4      | Found a transporter.
  2604 | D:4      | Learned a level 3 spell: Mephitic Cloud
  2606 | D:4      | Noticed Konar's ghost (amateur CoHu)
  3097 | D:5      | Entered Level 5 of the Dungeon
  3116 | D:5      | Found an opulent altar of Gozag.
  3120 | D:5      | Found a hide-covered altar of Uskayaw.
  3325 | D:5      | Noticed Grinder
  3462 | D:5      | Reached XP level 7. HP: 48/50 MP: 7/7
  3512 | D:5      | Paralysed by Grinder for 4 turns
  3522 | D:5      | Killed Grinder
  3522 | D:5      | Reached * piety under Vehumet
  3522 | D:5      | Offered knowledge of Kiss of Death by Vehumet.
  3630 | D:5      | Reached skill level 5 in Evocations
  3769 | D:5      | Found a glowing silver altar of Zin.
  3811 | D:6      | Reached XP level 8. HP: 53/60 MP: 8/8
  3813 | D:6      | Noticed Sigmund
  3828 | D:6      | Killed Sigmund
  3829 | D:6      | Reached skill level 5 in Fighting
  3842 | D:6      | Reached skill level 1 in Armour
  4096 | D:6      | Noticed Prince Ribbit
  4105 | D:6      | Killed Prince Ribbit
  4242 | D:6      | Found Qewyjaisu's Jewellery Emporium.
  4277 | D:6      | Found a glowing golden altar of the Shining One.
  4421 | D:6      | Killed an unseen horror
  4422 | D:6      | Reached skill level 5 in Armour
  4422 | D:6      | Reached XP level 9. HP: 17/68 MP: 9/9
  4765 | D:7      | Found Iraqe's Jewellery Shoppe.
  4765 | D:7      | Found Quhueq's Weapon Shoppe.
  4765 | D:7      | Found Hacvo Deleci's Armour Shoppe.
  4769 | D:7      | Learned a level 1 spell: Apportation
  4974 | D:7      | Slain by a water moccasin

Illustrated notes

Levels and vault maps discovered:
D:1:      scummos_arrival_checkerplants, layout_rooms, hangedman_glass_teeth
D:2:      layout_basic, minmay_three_crescents, uniq_jessica,
          uniq_crazy_yiuf_cottage
D:3:      layout_loops_corners, nicolae_overflow_macrodata_refinement,
          hellmonk_ecumenical_altar_crossroads, kennysheep_big_empty_room,
          serial_park_tiny_2
D:4:      layout_loops_corners, minmay_temple_entry_slanted,
          gammafunk_ghost_arena
D:5:      nicolae_cairo_tiling, layout_rooms, zin_statuary,
          grunt_temple_overflow_open, kennysheep_crisscross, uniq_grinder
D:6:      layout_loops_ring, tso_altar, serial_shops, nicolae_take_the_stairs,
          enter_ossuary_2, kb_lookout_dungeons_type, uniq_sigmund,
          uniq_prince_ribbit1
D:7:      layout_basic, nicolae_shop_distant_corner_stores, st_stairs_3,
          grunt_decor_arrowhead
Temple:   nicolae_temple_god_jail

Skill      XL: |  1  2  3  4  5  6  7  8 |
---------------+-------------------------+-----
Staves         | 4 5 6 |  6.8
Evocations     | 3 5 6 |  6.9
Fighting       | 4 5 |  5.0
Armour         | 5 |  5.0
Throwing       | |  2.0
Dodging        | |  3.0

Action                     |  1- 3 |  4- 6 |  7- 9 || total
---------------------------+-------+-------+-------++-------
  Melee: Quarterstaff      |    94 |   228 |   186 ||   508
  Throw: Throwing net      |     3 |     4 |     4 ||    11
  Evoke: Wand              |       |       |     8 ||     8
    Use: Potion            |     3 |     1 |     2 ||     6
         Scroll            |       |     6 |     5 ||    11
   Stab: Held in net/web   |       |     2 |     3 ||     5
         Confused          |       |       |     1 ||     1
 Armour: Leather armour    |    10 |       |       ||    10
         Ring mail         |    51 |   116 |   116 ||   283
         Skin              |       |     4 |     1 ||     5
  Dodge: Dodged            |    66 |   126 |   161 ||   353

Table legend: (Time is in decaauts)
 A = Elapsed time spent in this place.
 B = Non-inter-level travel time spent in this place.
 C = Inter-level travel time spent in this place.
 D = Time resting spent in this place.
 E = Time spent auto-exploring this place.
 F = Levels seen in this place.
 G = Mean time per level.
                   A        B        C        D        E       F      G
               +--------+--------+--------+--------+--------+-----+--------+
         Total |   4973 |   4716 |    257 |    269 |   2979 |   8 |  621.6 |
       Dungeon |   4972 |   4715 |    257 |    269 |   2979 |   7 |  710.3 |
        Temple |      1 |      1 |      0 |      0 |      0 |   1 |    1.0 |
               +--------+--------+--------+--------+--------+-----+--------+

Top non-repeatable levels by time:
     D:6: 1065 daAuts
     D:3: 1015 daAuts
     D:4: 884 daAuts
     D:2: 744 daAuts
     D:5: 700 daAuts
     D:1: 463 daAuts
     D:7: 99 daAuts
  Temple: 1 daAuts
